cohdb
Replays
Latest Replays
All Replays
Popular Replays
Top Player Replays
Match Explorer
How It Works
Community
CoH3 Stats
Reddit
Sign in to upload your games and track your stats! →
Sign in with Steam
Match 43983608
Unlisted
Match 43983608
Overview
Messages
Build Orders
End
Construct Section Command Post
Infantry Section
Selects Heavy Armor Battlegroup
Infantry Section
Infantry Section
Construct Platoon Command Post
Unlock M3 Stuart Light Tanks
Infantry Section
Selects Light Vehicle Withdraw and Refit
Selects UNKNOWN (202330)
M3 Stuart Light Tank
CMP 15cwt Truck
Royal Engineer Section
M3 Stuart Light Tank
Light Vehicle Training
6-pounder Anti-tank Gun Team
M3 Stuart Light Tank
Seppun
TidaL
geegee
흰수염고래
鼠王一只耳
骷髅上司
0
0
Comments
sign in to comment!
No comments posted yet!